Map: [ESL] Gresvan

Players

SpeCial

  • Race: Terran Terran

Serral - Winner!

  • Race: Zerg Zerg

Event: IEM Katowice 2023

VOD

Have the link to the VOD?

Description

Time

  • Played on: Feb. 9, 2023, 9:46 a.m.
  • Length: 10:25

All games in this series

Show
View Real Time Build Order
Export as new Build Order

SpeCial Terran 

Build Orders:  

Get SALT Encoding   

  12  0:00  SCV  
  13  0:12  SCV  
  14  0:18  Supply Depot  
  14  0:24  SCV  
  15  0:40  SCV  
  15  0:41  Barracks  
  16  0:43  Refinery  
  16  0:52  SCV  
  16  0:53  Refinery  
  18  1:04  SCV  
  18  1:16  SCV  
  19  1:28  Orbital Command, Reaper  
  19  1:30  Supply Depot  
  20  1:43  Factory  
  20  1:54  SCV  
  21  2:00  Reaper  
  22  2:06  SCV  
  23  2:17  Command Center  
  23  2:20  SCV  
  24  2:28  Hellion  
  26  2:32  Reaper  
  26  2:33  SCV  
  28  2:40  Starport  
  28  2:46  Supply Depot  
  28  2:47  SCV  
  29  2:53  Hellion  
  31  3:05  Barracks Reactor  
  31  3:08  SCV  
  32  3:17  Hellion  
  32  3:19  Starport Tech Lab  
  33  3:20  SCV  
  34  3:32  SCV  
  35  3:41  Raven  
  36  3:44  Orbital Command, SCV  
  36  3:54  Hellion x2  
  40  3:56  SCV  
  41  4:09  SCV  
  42  4:17  Command Center  
  42  4:19  Raven  
  42  4:21  SCV  
  42  4:22  SCV  
  46  4:26  Marine  
  46  4:29  Supply Depot  
  47  4:32  Hellion  
  47  4:36  Hellion  
  47  4:37  SCV  
  52  4:38  SCV  
  53  4:49  SCV  
  53  4:50  SCV  
  55  4:53  Hellion  
  55  4:54  Marine  
  55  4:57  Raven, Hellion  
  62  5:08  Supply Depot  
  62  5:12  Barracks Tech Lab  
  62  5:29  SCV x2, Hellion x2  
  62  5:31  Marine  
  62  5:32  Stimpack, Supply Depot  
  62  5:34  SCV  
  70  5:41  SCV x2  
  70  5:44  Banshee  
  56  5:50  Marine, Barracks  
  56  5:52  Barracks  
  56  5:53  SCV x2  
  56  5:54  Widow Mine x2  
  62  5:57  Orbital Command  
  61  6:05  SCV  
  61  6:06  SCV  
  61  6:07  Marine  
  64  6:17  SCV  
  63  6:21  Orbital Command, Refinery  
  63  6:22  SCV  
  63  6:23  Refinery  
  64  6:25  Marine  
  64  6:28  Factory Tech Lab  
  64  6:29  SCV  
  66  6:34  SCV  
  66  6:35  Barracks  
  66  6:36  Barracks, Starport Reactor  
  66  6:39  Engineering Bay  
  67  6:40  Engineering Bay  
  67  6:41  SCV  
  67  6:43  Marine  
  67  6:46  SCV x2  
  71  6:49  Siege Tank  
  71  6:50  Barracks Reactor  
  71  6:53  SCV  
  75  6:58  SCV x2  
  77  7:04  Marine  
  77  7:05  SCV, Supply Depot  
  77  7:06  Marine, Combat Shield  
  80  7:10  SCV x2  
  80  7:13  Medivac x2, Supply Depot  
  86  7:17  SCV  
  86  7:21  Terran Infantry Armor Level 1, Terran Infantry Weapons Level 1  
  86  7:22  Marine, SCV x2  
  90  7:24  Marine  
  90  7:26  Barracks Reactor  
  90  7:30  SCV  
  90  7:31  Barracks x2  
  90  7:32  Barracks  
  90  7:33  Marine  
  90  7:34  Marine x2, SCV  
  90  7:35  SCV  
  95  7:39  Marine  
  95  7:41  Marine  
  95  7:42  Marine, SCV  
  95  7:43  Siege Tank, Supply Depot  
  102  7:44  Concussive Shells  
  102  7:46  SCV  
  102  7:49  Refinery  
  103  7:51  Marine x3  
  103  7:58  Marauder  
  108  7:59  Marine  
  108  8:00  Supply Depot  
  108  8:04  Marine x3  
  112  8:09  Marine, Medivac x2, Supply Depot  
  117  8:21  Marine x2, Marauder  
  117  8:23  Marauder, Supply Depot  
  122  8:31  Siege Tank  
  122  8:32  Supply Depot  
  125  8:34  Supply Depot  
  125  8:35  Barracks Tech Lab  
  125  8:36  Barracks Tech Lab, Armory  
  125  8:37  Marine x3  
  125  8:38  Marine  
  125  8:40  Marine  
  125  8:41  Marine  
  131  8:43  Marauder  
  131  8:44  Medivac  
  131  8:45  Marauder  
  133  8:54  Marine, Marauder  
  133  8:55  Marine x3  
  134  8:56  Barracks Reactor  
  134  9:00  Marine x3  
  136  9:04  Marauder  
  136  9:06  Sensor Tower, Marauder  
  140  9:12  Marine, Marauder  
  140  9:13  Marine x2  
  140  9:16  Marauder  
  147  9:20  Marine  
  147  9:22  Marine  
  149  9:25  Marine  
  149  9:26  Marauder  
  149  9:27  Marauder  
  149  9:30  Marine  
  149  9:31  Marine  
  155  9:33  Marine  
  157  9:39  Marine  
  157  9:41  Marauder  
  157  9:42  Marauder  
  157  9:44  Marine x2  
  157  9:46  SCV x2  
  157  9:48  Marauder  
  157  9:49  Marauder  
  147  9:56  SCV  
  147  9:57  Marine  
  144  10:02  Marauder  
  144  10:03  Marine  
  147  10:09  SCV x2  
Show
View Real Time Build Order
Export as new Build Order

Serral Zerg - Winner!

Build Orders: Pool First, Lurkers 

Get SALT Encoding   

  12  0:00  Drone  
  13  0:12  Overlord  
  13  0:16  Drone  
  14  0:30  Drone x2  
  14  0:34  Drone  
  17  0:44  Extractor  
  17  0:45  Drone  
  17  0:49  Spawning Pool  
  16  0:55  Drone  
  17  1:07  Drone  
  18  1:16  Hatchery  
  17  1:20  Drone  
  18  1:35  Queen  
  18  1:36  Zergling x2  
  18  1:39  Zergling x2  
  22  1:44  Metabolic Boost  
  22  1:51  Overlord  
  22  2:10  Drone x2  
  22  2:11  Queen  
  26  2:21  Drone  
  27  2:30  Drone  
  27  2:33  Drone  
  28  2:40  Hatchery  
  28  2:42  Spore Crawler  
  26  2:47  Drone  
  28  2:52  Drone  
  28  2:53  Drone  
  28  2:55  Queen  
  32  2:59  Spore Crawler  
  32  3:00  Zergling x2  
  32  3:03  Extractor  
  32  3:06  Overlord  
  32  3:11  Zergling x4  
  35  3:21  Overlord  
  35  3:24  Overlord  
  35  3:26  Drone, Zergling x2  
  35  3:27  Drone x2  
  39  3:31  Drone  
  39  3:32  Drone  
  41  3:36  Queen  
  43  3:42  Drone  
  43  3:43  Drone  
  44  3:52  Spore Crawler  
  44  3:54  Zergling x2  
  44  3:56  Queen  
  44  3:57  Queen  
  44  4:00  Drone  
  44  4:01  Drone  
  50  4:03  Zergling x2  
  50  4:06  Zergling x4  
  50  4:07  Drone  
  54  4:15  Drone x4  
  58  4:17  Overlord  
  58  4:18  Drone  
  59  4:25  Queen  
  59  4:26  Drone  
  59  4:27  Drone  
  63  4:36  Zergling x2  
  63  4:37  Roach Warren  
  63  4:39  Zergling x2  
  63  4:40  Drone x2  
  66  4:49  Drone x2  
  66  4:51  Overlord  
  68  4:53  Drone  
  68  4:54  Drone x2  
  68  4:59  Overlord  
  71  5:01  Drone x2  
  71  5:04  Lair  
  73  5:08  Extractor  
  73  5:10  Queen  
  73  5:11  Overlord, Drone  
  73  5:12  Drone  
  76  5:15  Spore Crawler  
  76  5:16  Overlord  
  75  5:21  Roach x3  
  75  5:27  Overlord x2  
  81  5:31  Drone x2  
  81  5:34  Drone x3  
  84  5:44  Drone x8  
  84  5:49  Drone x4  
  91  5:53  Drone  
  91  5:54  Drone  
  93  5:59  Extractor x2, Evolution Chamber  
  93  6:02  Overlord  
  90  6:06  Drone x2, Spore Crawler  
  91  6:12  Drone  
  91  6:14  Drone  
  91  6:15  Drone  
  91  6:16  Evolution Chamber  
  93  6:18  Overseer  
  93  6:21  Extractor x2, Drone  
  93  6:22  Hatchery  
  91  6:26  Drone, Spore Crawler x2  
  91  6:28  Zerg Missile Weapons Level 1  
  91  6:31  Drone  
  91  6:32  Drone x8  
  97  6:37  Overlord  
  97  6:45  Zerg Ground Armor Level 1  
  97  6:47  Infestation Pit  
  97  6:48  Roach x2  
  97  6:50  Roach  
  97  6:51  Overlord x2  
  102  6:55  Glial Reconstitution  
  102  6:58  Zergling x8  
  102  7:00  Overlord  
  106  7:02  Roach x3  
  106  7:07  Roach x2  
  116  7:11  Roach  
  116  7:12  Roach x2  
  122  7:25  Hive  
  122  7:27  Hydralisk Den  
  122  7:28  Drone x8, Roach  
  122  7:29  Drone x2  
  133  7:33  Overlord  
  133  7:35  Roach  
  133  7:36  Extractor, Roach  
  136  7:39  Roach  
  136  7:40  Extractor, Roach x3  
  143  7:51  Overlord x2  
  143  7:52  Roach x3  
  149  8:00  Lurker Den, Spore Crawler  
  149  8:03  Zergling x16  
  155  8:07  Overlord x2, Ravager x3  
  155  8:11  Roach x2  
  155  8:12  Roach x2  
  166  8:19  Overlord x2  
  166  8:25  Overlord  
  166  8:29  Hydralisk x6  
  166  8:32  Hydralisk  
  180  8:39  Viper  
  183  8:42  Viper  
  186  8:48  Zergling x2  
  186  8:49  Zergling x14  
  192  8:57  Hatchery  
  192  9:00  Seismic Spines  
  192  9:01  Lurker x2  
  192  9:02  Lurker  
  194  9:11  Lurker x2  
  195  9:20  Lurker x2, Spore Crawler  
  195  9:21  Spore Crawler  
  195  9:22  Spore Crawler  
  193  9:33  Hydralisk  
  193  9:34  Hydralisk x2  
  181  9:59  Lurker, Spore Crawler x2  
  173  10:00  Lurker x2  
  173  10:03  Zergling x36  

Tags
 
Add a new tag
Caveats
  • Supply blocks, unpowered buildings, or Contaminate may cause inaccurate times.
  • Supply counts are checked every 10 seconds.